 Dungeon Crawl Stone Soup version 0.31-a0-731-ga75f04d (webtiles) character file.

Game seed: 18030402417778200501

94 Rogue the Grasshopper (level 4, -6/23 HPs)
             Began as a Spriggan Warper on Sept 11, 2023.
             Mangled by a gnoll
             ... wielding a +0 halberd
              (15 damage)
             ... on level 2 of the Dungeon on Sept 12, 2023.
             The game lasted 00:18:44 (2654 turns).

Rogue the Grasshopper (Spriggan Warper)             Turns: 2654, Time: 00:18:45

Health: -6/23      AC:  2    Str:  7    XL:     4   Next: 38%
Magic:  9/9        EV: 18    Int: 16    God:
Gold:   37         SH:  0    Dex: 14    Spells: 2/8 levels left

rFire   . . .        a - +0 short sword
rCold   . . .        (no shield)
rNeg    . . .        b - +0 robe
rPois   .            (helmet restricted)
rElec   .            (no cloak)
rCorr   .            (gloves unavailable)
SInv    +            (boots unavailable)
Will    .....        (no amulet)
Stlth   ++           (no ring)
HPRegen 0.23/turn    (no ring)
MPRegen 0.11/turn

%: no passive effects
@: very quick
A: very small, no large weapons, unfitting armour, see invisible, speed 3
a: no special abilities


You were on level 2 of the Dungeon.
You visited 1 branch of the dungeon, and saw 2 of its levels.

You collected 37 gold pieces.

Inventory:

Hand Weapons
 a - a +0 short sword (weapon)
Missiles
 d - 2 darts of dispersal
Armour
 b - a +0 robe (worn)
Talismans
 o - a flux talisman
Scrolls
 c - a scroll of blinking
 h - 3 scrolls of noise {unknown}
 i - 3 scrolls of identify {unknown}
 l - a scroll of enchant armour {unknown}
 p - a scroll of fear {unknown}
Potions
 e - 3 potions of curing {unknown}
 f - a potion of heal wounds {unknown}
 g - a potion of resistance {unknown}
 j - 2 potions of ambrosia {unknown}
 m - a potion of haste {unknown}
 n - a potion of magic {unknown}


   Skills:
 + Level 2.1 Fighting
 + Level 3.0 Short Blades
 + Level 1.0 Throwing
 + Level 3.9 Dodging
 * Level 2.6 Stealth
 + Level 2.9 Spellcasting
 * Level 5.3 Translocations


You had 2 spell levels left.
You knew the following spells:

 Your Spells              Type           Power      Damage    Failure   Level
a - Blink                 Tloc           38%        N/A       3%          2
b - Manifold Assault      Tloc           19%        N/A       22%         4

Your spell library contained the following spells:

 Spells                   Type           Power      Damage    Failure   Level
 Apportation              Tloc           38%        N/A       2%          1
 Lesser Beckoning         Tloc           38%        N/A       3%          2
 Momentum Strike          Conj/Tloc      20%        3d8       10%         2
 Jinxbite                 Hex            4%         N/A       28%         2
 Teleport Other           Tloc           19%        N/A       6%          3
 Vhi's Electric Charge    Tloc/Air       20%        N/A       54%         4
 Alistair's Intoxication  Tmut/Pois      1%         N/A       99%         5


Dungeon Overview and Level Annotations

Branches:
Dungeon (2/15)

Altars:


Innate Abilities, Weirdness & Mutations

You are very small and have problems with some larger weapons.
You are too small for most types of armour.
You have supernaturally acute eyesight. (SInv)
You cover ground extremely quickly. (Speed+++)


Message History

The gnoll closely misses you.
You closely miss the gnoll.
The gnoll is lightly wounded.
The gnoll misses you.
You hit the gnoll but do no damage.
The gnoll is lightly wounded.
The gnoll hits you with a +0 halberd! The gnoll attacks as it pursues you!
The gnoll hits you from afar with a +0 halberd!
* * * LOW HITPOINT WARNING * * *
Throw: stone
Press: ? - help, Q - select action, (/) - cycle Shift-Dir - straight line, f/p - gnoll
Aim: a gnoll, wielding a +0 halberd (lightly wounded, 60% to hit)
You throw a stone. The stone hits the gnoll.
The gnoll is moderately wounded.
Unknown command.
Unknown command.
Unknown command.
Unknown command.
You now have 37 gold pieces (gained 4).
You see here a +0 club.
You start resting.
A gnoll is nearby!
You start resting.
A gnoll is nearby!
You hit the gnoll.
The gnoll is moderately wounded.
The gnoll barely misses you.
You hit the gnoll.
The gnoll is heavily wounded.
The gnoll hits you with a +0 halberd!
You are too injured to fight recklessly!
You hit the gnoll.
The gnoll is heavily wounded.
The gnoll hits you with a +0 halberd.
You hit the gnoll.
The gnoll is severely wounded.
The gnoll hits you from afar with a +0 halberd!
Ouch! That really hurt!
You die...

##...## #.# # ##.## #.# #
#.# #######.# #
##########.####....##.# #
#.....................#####
#.########.#.##.#..........
#.# #...##.##......... #.#
######.##.###.####### #.#
#...@.....# #.# # #.#
#.####g######.# # #g# #)#
#.# #>...####### #.# #.#
#)###..........# #.#####.#
#...............
#....)..####.####.#######.#
##............####.# #..
##...####...........# ###
##.....###.#########.#


You could see a gnoll.

Vanquished Creatures
  2 gnolls (D:2)
  4 adders
  A dart slug (D:1)
  4 ball pythons
  2 bats
  3 endoplasms
  2 giant cockroaches
  2 goblins
  4 hobgoblins
  4 jackals (D:1)
  2 quokkas
  A frilled lizard (D:2)
  2 kobolds (D:1)
  4 rats
37 creatures vanquished.

Notes
Turn   | Place    | Note
-------+----------+-------------------------------------------
     0 | D:1      | Rogue the Spriggan Warper began the quest for the Orb.
     0 | D:1      | Reached XP level 1. HP: 10/10 MP: 5/5
   130 | D:1      | You fall into a shaft and drop 1 floor!
   428 | D:1      | Found a faded altar of an unknown god.
   442 | D:1      | Reached XP level 2. HP: 15/15 MP: 6/6
   450 | D:1      | Learned a level 2 spell: Blink
   580 | D:1      | Reached skill level 5 in Translocations
   744 | D:1      | Reached skill level 1 in Stealth
  1239 | D:2      | Reached XP level 3. HP: 15/18 MP: 8/8
  1687 | D:2      | Reached XP level 4. HP: 19/23 MP: 9/9
  1692 | D:2      | Learned a level 4 spell: Manifold Assault
  2654 | D:2      | Mangled by a gnoll

Illustrated notes

Levels and vault maps discovered:
D:1:      dpeg_arrival_windows_large_door, layout_loops_corners,
          hellmonk_ecumenical_altar_dog_temple, minmay_surrounded
D:2:      layout_loops_ring

Skill      XL: |  1  2  3  4 |
---------------+-------------+-----
Translocations | 5 |  5.3
Stealth        | 1 2 |  2.6
Fighting       | 2 |  2.1
Short Blades   | 3 |  3.0
Throwing       | |  1.0
Dodging        | |  3.9
Spellcasting   | |  2.9

Action                     |  1- 3 |  4- 6 || total
---------------------------+-------+-------++-------
  Melee: Short sword       |   169 |    58 ||   227
         Punch             |     2 |       ||     2
  Throw: Stone             |     3 |     1 ||     4
         Dart              |       |     5 ||     5
   Cast: Blink             |     2 |       ||     2
         Manifold Assault  |       |     5 ||     5
   Stab: Sleeping          |     2 |     1 ||     3
         Distracted        |       |     1 ||     1
 Armour: Robe              |    53 |    17 ||    70
  Dodge: Dodged            |   119 |    36 ||   155

Table legend: (Time is in decaauts)
 A = Elapsed time spent in this place.
 B = Non-inter-level travel time spent in this place.
 C = Inter-level travel time spent in this place.
 D = Time resting spent in this place.
 E = Time spent auto-exploring this place.
 F = Levels seen in this place.
 G = Mean time per level.
                   A        B        C        D        E       F      G
               +--------+--------+--------+--------+--------+-----+--------+
         Total |   1862 |   1662 |    200 |    208 |    743 |   2 |  931.0 |
       Dungeon |   1862 |   1662 |    200 |    208 |    743 |   2 |  931.0 |
               +--------+--------+--------+--------+--------+-----+--------+

Top non-repeatable levels by time:
     D:1: 952 daAuts
     D:2: 910 daAuts
